 Dungeon Crawl Stone Soup version 0.32-a0-391-gce5c0aab1b (webtiles) character file.

Game seed: 9146601120339269041

627 cforsyth the Slasher (level 7, -13/55 HPs)
             Began as a Coglin Gladiator on Feb 20, 2024.
             Was an Initiate of Hepliaklqana.
             Killed by divine providence
             ... invoked by an orc priest
              (14 damage)
             ... on level 4 of the Dungeon.
             The game lasted 00:04:22 (3356 turns).

cforsyth the Slasher (Coglin Gladiator)             Turns: 3356, Time: 00:04:23

Health: -13/55     AC:  1    Str: 14    XL:     7   Next: 47%
Magic:  7/7        EV: 14    Int:  8    God:    Hepliaklqana [......]
Gold:   191        SH:  0    Dex: 17    Spells: 6/6 levels left

rFire   . . .        a - +0 long sword {Ishpreet}
rCold   . . .        j - +0 dagger {Kiyoto}
rNeg    . . .        b - +0 leather armour
rPois   .            c - +0 helmet
rElec   .            (no cloak)
rCorr   .            i - +0 pair of gloves
SInv    .            (no boots)
Will    .....        (no amulet)
Stlth   +            (no ring)
HPRegen 0.29/turn    (no ring)
MPRegen 0.10/turn

%: no passive effects
@: corroded, revved, stiff-legged, very slow
A: off-hand wielding, slow wielding, warmup strikes, warmup strides
a: Renounce Religion


You were on level 4 of the Dungeon.
You worshipped Hepliaklqana.
Hepliaklqana was noncommittal.
You visited 1 branch of the dungeon, and saw 4 of its levels.

You collected 191 gold pieces.


Innate Abilities, Weirdness & Mutations

You can wield a second weapon in your off-hand.
It takes a long time for you to wield or remove held weapons.
Your first few attacks do less damage.
Your first movements take longer.


   Skills:
 + Level 4.9 Fighting
 + Level 5.4 Long Blades
 - Level 1.7 Throwing
 + Level 4.8 Dodging


You had 6 spell levels left.
You didn't know any spells.
Your spell library contained the following spells:

 Spells                   Type           Power      Damage    Failure   Level
 Ensorcelled Hibernation  Hex/Ice        0%         N/A       63%         2
 Call Canine Familiar     Summ           0%         N/A       86%         3
 Passwall                 Erth           0%         N/A       86%         3
 Sigil of Binding         Hex            0%         N/A       86%         3
 Swiftness                Air            0%         N/A       86%         3
 Dimensional Bullseye     Hex/Tloc       0%         N/A       99%         4

Inventory:

Hand Weapons
 a - a +0 long sword (weapon) {Ishpreet}
 j - a +0 dagger (worn) {Kiyoto}
Missiles
 d - 3 throwing nets (quivered) {=f}
 e - a javelin
Armour
 b - a +0 leather armour (worn)
 c - a +0 helmet (worn)
 i - a +0 pair of gloves (worn)
Jewellery
 Y - a +4 ring of slaying
Wands
 l - a wand of flame (23)
Scrolls
 g - a scroll of acquirement {unknown}
 m - 4 scrolls of identify {unknown}
 n - 3 scrolls of revelation {unknown}
 p - 2 scrolls of teleportation {unknown}
Potions
 f - a potion of brilliance {unknown}
 h - a potion of degeneration {unknown}
 k - a potion of attraction {unknown}
 o - a potion of cancellation
 q - a potion of invisibility {unknown}
 r - a potion of curing {unknown}

Dungeon Overview and Level Annotations

Branches:
Dungeon (4/15)
 Temple: D:4-7

Altars:
Ashenzari
Dithmenos
Elyvilon
Hepliaklqana

Shops:
D:1

= ...........#
..........#
......... # .......
.###. ..... ##'#...
... ##....# ###o#
##.....##░ ##.#@#
##........+
##....###.........░
#.................░
##...####.........░
##.. ###.......(+
##. #........##░ #.
#.###....# #. #.
##+#.# #. #.##
#.#.#


You could see an orc priest.


Message History

You hit the jelly with your +0 long sword.
You kill the jelly!
Unknown command.
You slash the orc priest with your +0 long sword!
The orc priest is severely wounded.
You hit the orc priest but do no damage.
The orc priest misses you.
You hit the orc priest but do no damage.
The orc priest is severely wounded.
You barely miss the orc priest with your +0 dagger.
The orc priest misses you.
You hit the orc priest but do no damage.
The orc priest is severely wounded.
You barely miss the orc priest with your +0 long sword.
The orc priest hits you with a +0 whip.
* * * LOW HITPOINT WARNING * * *
Unknown command.
You hit the orc priest but do no damage.
The orc priest is severely wounded.
You closely miss the orc priest with your +0 long sword.
The orc priest hits you with a +0 whip.
* * * LOW HITPOINT WARNING * * *
Unknown command.
You hit the orc priest with your +0 dagger.
The orc priest is almost dead.
You hit the orc priest but do no damage.
The orc priest invokes the aid of Beogh against you.
Beogh smites you!
You die...
Hepliaklqana delivers you to your ancestors.

Skill      XL: |  1  2  3  4  5  6 |
---------------+-------------------+-----
Dodging        | 3 4 |  4.8
Fighting       | 3 4 |  4.9
Long Blades    | 4 5 |  5.4
Throwing       | |  1.7

Action                     |  1- 3 |  4- 6 |  7- 9 || total
---------------------------+-------+-------+-------++-------
  Melee: Long sword        |    70 |   139 |    23 ||   232
         Dagger            |     4 |   122 |    21 ||   147
    Use: Potion            |       |     3 |       ||     3
   Stab: Sleeping          |     3 |       |       ||     3
 Armour: Leather armour    |    31 |    74 |    10 ||   115
  Dodge: Dodged            |    40 |    97 |    15 ||   152

Levels and vault maps discovered:
D:1:      dpeg_arrival_round_b, layout_basic, serial_shops, shop_coins,
          dk_noncrumbling_4
D:2:      layout_basic, basic_ecumenical_altar
D:3:      layout_basic, elyvilon_altar_1, grunt_dithmenos_smoke_and_mirrors,
          amethyst_overflow_temple_binary
D:4:      layout_loops_corners, mainiacjoe_overflow_24_doors, uniq_grinder

Notes
Turn   | Place    | Note
-------+----------+-------------------------------------------
     0 | D:1      | cforsyth the Coglin Gladiator began the quest for the Orb.
     0 | D:1      | Reached XP level 1. HP: 16/16 MP: 1/1
    49 | D:1      | Reached XP level 2. HP: 22/22 MP: 2/2
   110 | D:1      | Reached skill level 3 in Dodging
   337 | D:1      | Reached XP level 3. HP: 13/28 MP: 3/3
   504 | D:1      | Found Cuaga's Jewellery Emporium.
  1129 | D:2      | Reached XP level 4. HP: 29/34 MP: 4/4
  1134 | D:2      | Reached skill level 3 in Fighting
  1481 | D:2      | Found a faded altar of an unknown god.
  1645 | D:2      | Reached skill level 4 in Long Blades
  1764 | D:3      | Reached XP level 5. HP: 30/41 MP: 5/5
  1977 | D:3      | Found a shadowy altar of Dithmenos.
  2079 | D:3      | HP: 3/41 [iguana (11)]
  2368 | D:3      | Found a white marble altar of Elyvilon.
  2669 | D:3      | Found a hazy altar of Hepliaklqana.
  2669 | D:3      | Found a broken altar of Ashenzari.
  2676 | D:3      | Became a worshipper of Hepliaklqana the Forgotten
  2813 | D:4      | HP: 2/42 [sleepcap (10)]
  2815 | D:4      | Reached skill level 4 in Dodging
  2815 | D:4      | Reached XP level 6. HP: 2/48 MP: 6/6
  3097 | D:4      | Reached skill level 4 in Fighting
  3195 | D:4      | Noticed Grinder
  3199 | D:4      | Noticed a black bear
  3206 | D:4      | Killed Grinder
  3207 | D:4      | Reached skill level 5 in Long Blades
  3207 | D:4      | Reached XP level 7. HP: 24/55 MP: 7/7
  3354 | D:4      | HP: 3/55 [orc priest/+0 whip (4)]
  3355 | D:4      | HP: 1/55 [orc priest/+0 whip (3)]
  3356 | D:4      | Killed from afar by an orc priest

Vanquished Creatures
  Grinder (D:4)
  A black bear (D:4)
  A jelly (D:4)
  2 hounds (D:4)
  A sleepcap (D:4)
  An iguana (D:3)
  5 adders
  2 ribbon worms (D:2)
  2 dart slugs (D:1)
  4 orcs
  3 bats
  8 endoplasms
  6 giant cockroaches
  10 goblins
  8 hobgoblins
  5 jackals (D:3)
  3 quokkas
  3 ball pythons (D:2)
  2 frilled lizards
  9 kobolds
  7 rats
84 creatures vanquished.

Table legend: (Time is in decaauts)
 A = Elapsed time spent in this place.
 B = Non-inter-level travel time spent in this place.
 C = Inter-level travel time spent in this place.
 D = Time resting spent in this place.
 E = Time spent auto-exploring this place.
 F = Levels seen in this place.
 G = Mean time per level.
                   A        B        C        D        E       F      G
               +--------+--------+--------+--------+--------+-----+--------+
         Total |   3471 |   3340 |    131 |      0 |   2756 |   4 |  867.8 |
       Dungeon |   3471 |   3340 |    131 |      0 |   2756 |   4 |  867.8 |
               +--------+--------+--------+--------+--------+-----+--------+

Top non-repeatable levels by time:
     D:1: 1104 daAuts
     D:3: 1059 daAuts
     D:2: 738 daAuts
     D:4: 568 daAuts

Table legend:
 A = Non-vault XP
 B = Vault XP
 C = Vault XP percentage of total XP
 D = Non-vault monster count
 E = Vault monster count
 F = Vault count percentage of total count
                 A         B        C        D         E       F
            +---------+---------+-------+---------+---------+-------
      Total |     633 |     263 |  29.4 |      83 |       1 |   1.2
            +---------+---------+-------+---------+---------+-------
        D:1 |      75 |       0 |   0.0 |      26 |       0 |   0.0
        D:2 |      89 |       0 |   0.0 |      23 |       0 |   0.0
        D:3 |     141 |       0 |   0.0 |      24 |       0 |   0.0
        D:4 |     328 |     263 |  44.5 |      10 |       1 |   9.1
            +---------+---------+-------+---------+---------+-------
